 Dungeon Crawl Stone Soup version 0.28-b1-70-g80dc712255 (webtiles) character file.

Game seed: 8794376143577743998

259 crazypyro the Sneak (level 5, -1/38 HPs)
             Began as a Demonspawn Brigand on Feb 3, 2022.
             Slain by a lemure (3 damage)
             ... led by Pikel
             ... on level 4 of the Dungeon.
             The game lasted 00:04:00 (3391 turns).

crazypyro the Sneak (Demonspawn Brigand)            Turns: 3391, Time: 00:04:01

Health: -1/38      AC:  9    Str: 11    XL:     5   Next: 94%
Magic:  5/5        EV: 12    Int: 13    God:
Gold:   105        SH:  0    Dex: 16    Spells: 4/4 levels left

rFire   . . .      SeeInvis .   a - +3 dagger
rCold   . . .      Faith    .   (no shield)
rNeg    . . .      Spirit   .   k - +0 leather armour
rPois   .          Reflect  .   h - +2 hat
rElec   .          Harm     .   c - +0 cloak
rCorr   .          Rampage  .   m - +2 pair of gloves
Will    .....                   (no boots)
Stlth   +++.......              (no amulet)
HPRegen 0.12/turn               (no ring)
MPRegen 0.09/turn               (no ring)

@: no status effects
A: horns 2
a: no special abilities


You were on level 4 of the Dungeon.
You visited 1 branch of the dungeon, and saw 4 of its levels.

You collected 105 gold pieces.

Inventory:

Hand Weapons
 a - a +3 dagger (weapon)
Missiles
 d - 8 poisoned darts (quivered)
 e - 2 curare-tipped darts
Armour
 b - a +0 robe
 c - a +0 cloak (worn)
 h - a +2 hat (worn)
 k - a +0 leather armour (worn)
 m - a +2 pair of gloves (worn)
Jewellery
 p - an amulet of faith
Scrolls
 i - 3 scrolls of fog {unknown}
 j - a scroll of acquirement {unknown}
 l - 4 scrolls of identify
 n - a scroll of noise {unknown}
Potions
 f - a potion of invisibility {unknown}
 g - 2 potions of curing {unknown}
 o - a potion of attraction
 q - a potion of cancellation {unknown}


   Skills:
 - Level 2.0 Fighting
 * Level 3.7 Short Blades
 - Level 1.8 Throwing
 + Level 2.1 Armour
 + Level 2.4 Dodging
 + Level 4.5 Stealth


You had 4 spell levels left.
You didn't know any spells.
Your spell library was empty.

Dungeon Overview and Level Annotations

Branches:
Dungeon (4/15)
 Temple: D:4-7

Altars:
Hepliaklqana

Annotations:
D:4 Pikel


Innate Abilities, Weirdness & Mutations

You have a pair of horns on your head.


Message History

The lemure hits you but does no damage.
You barely miss Pikel. Your headbutt misses Pikel.
Pikel is lightly wounded.
Pikel hits you but does no damage. The lemure hits you.
You closely miss Pikel.
Pikel is lightly wounded.
Pikel zaps a wand.
The puff of flame hits you but does no damage.
You barely miss Pikel.
Pikel is lightly wounded.
The lemure hits you.
* * * LOW HITPOINT WARNING * * *
Pikel barely misses you.
You closely miss Pikel.
Pikel is lightly wounded.
The lemure hits you but does no damage.
Pikel hits you with a +2 whip of flaming.
* * * LOW HITPOINT WARNING * * *
Pikel burns you.
* * * LOW HITPOINT WARNING * * *
You hit Pikel. You headbutt Pikel.
Pikel is moderately wounded.
The lemure hits you but does no damage.
Pikel hits you with a +2 whip of flaming.
* * * LOW HITPOINT WARNING * * *
Pikel burns you.
* * * LOW HITPOINT WARNING * * *
You hit Pikel but do no damage. You headbutt Pikel.
Pikel is moderately wounded.
The lemure barely misses you.
You hit Pikel but do no damage.
Pikel is moderately wounded.
An adder skeleton comes into view.
Pikel closely misses you.
You hit Pikel but do no damage.
Pikel is moderately wounded.
The lemure completely misses you. Pikel hits you but does no damage.
Pikel says, "Antaeus said I was his favorite kobold.
Me!"
The lemure hits you.
You die...

...?.. #..#.# #..#.#
#.##.########..#.#
.......))......#.###.#
..##.###)....K..5....#
#.####.##.#####
##.####5##.####
.......@5Z.....
##.####.##.#### #.#
#<# .# #.# ### .# #.#
.. #.#


You could see Pikel, 2 lemures and an adder skeleton.

Vanquished Creatures
  A necrophage (D:3)
  An orc priest (D:4)
  8 adders
  A white imp (D:3)
  An adder skeleton (D:2)
  A worm (D:3)
  A dart slug (D:3)
  3 orcs (D:4)
  5 endoplasms
  2 giant cockroaches
  4 goblins
  7 hobgoblins
  4 quokkas
  5 ball pythons
  3 bats
  2 frilled lizards (D:2)
  A kobold (D:2)
  4 rats
54 creatures vanquished.

Notes
Turn   | Place    | Note
-------+----------+-------------------------------------------
     0 | D:1      | crazypyro the Demonspawn Brigand began the quest for the
                  | Orb.
     0 | D:1      | Reached XP level 1. HP: 16/16 MP: 1/1
   268 | D:1      | Reached skill level 1 in Dodging
   636 | D:1      | Found a faded altar of an unknown god.
   693 | D:1      | Gained mutation: You have a pair of small horns on your
                  | head. [demonic ancestry]
   693 | D:1      | Reached XP level 2. HP: 20/22 MP: 2/2
  1562 | D:2      | Reached XP level 3. HP: 25/27 MP: 3/3
  1657 | D:2      | Reached skill level 1 in Armour
  1657 | D:2      | Reached skill level 4 in Stealth
  1970 | D:2      | Reached XP level 4. HP: 31/33 MP: 4/4
  2757 | D:3      | Noticed a necrophage
  2771 | D:3      | Killed a necrophage
  2772 | D:3      | Gained mutation: You have a pair of horns on your head.
                  | [demonic ancestry]
  2772 | D:3      | Reached XP level 5. HP: 36/38 MP: 5/5
  2913 | D:3      | Found a hazy altar of Hepliaklqana.
  3109 | D:4      | Noticed Pikel
  3109 | D:4      | Noticed a lemure
  3109 | D:4      | Noticed a lemure
  3109 | D:4      | Noticed a lemure
  3112 | D:4      | Noticed a lemure
  3384 | D:4      | HP: 1/38 [Pikel (1)]
  3391 | D:4      | Slain by a lemure

Illustrated notes

Levels and vault maps discovered:
D:1:      co_arrival_random_square_maze, layout_basic,
          chequers_ecumenical_altar_island, amcnicky_mini_rare_corridor_liquid
D:2:      layout_rooms, minivault_23
D:3:      layout_loops_ring, mainiacjoe_overflow_24_doors
D:4:      minmay_evil_eye, layout_basic, nemelex_xobeh_ov_fountains_minmay,
          uniq_pikel

Skill      XL: |  1  2  3  4  5 |
---------------+----------------+-----
Dodging        | 1 2 |  2.4
Short Blades   | 2 3 |  3.7
Armour         | 1 2 |  2.1
Stealth        | 4 |  4.5
Fighting       | |  2.0
Throwing       | |  1.8

Action                   |  1- 3 |  4- 6 || total
-------------------------+-------+-------++-------
Melee: Dagger            |    89 |   100 ||   189
       Headbutt          |    10 |    15 ||    25
       Punch             |       |     2 ||     2
  Use: Scroll            |       |     6 ||     6
 Stab: Sleeping          |     6 |     5 ||    11
Armor: Robe              |     7 |       ||     7
       Leather armour    |     8 |    32 ||    40
Dodge: Dodged            |    48 |    50 ||    98
